 Dungeon Crawl Stone Soup version 0.17-b1-15-g0f5fb43 (webtiles) character file.

2173 mrath the Magician (level 9, -9/49 HPs)
             Began as a Gargoyle Earth Elementalist on Nov 3, 2015.
             Mangled by an orc warrior
             ... wielding a +0 glaive
              (12 damage)
             ... on level 5 of the Dungeon.
             The game lasted 01:38:45 (10131 turns).

mrath the Magician (Gargoyle Earth Elementalist)   Turns: 10131, Time: 01:38:45

Health: -9/49      AC: 13    Str: 12    XL:     9   Next: 32%
Magic:  13/20      EV: 12    Int: 19    God:
Gold:   248        SH:  0    Dex: 10    Spells: 4 memorised, 11 levels left

rFire  . . .     SeeInvis +     S - +1 hand axe (elec)
rCold  . . .     Clarity  .     b - +0 robe
rNeg   + + .     SustAt   .     (no shield)
rPois  ∞         Gourm    .     l - +0 helmet
rElec  +         Spirit   .     (no cloak)
rCorr  .         Warding  +     u - +0 pair of gloves
rMut   .         Stasis   .     (no boots)
MR     .....                    L - amulet of warding
Stlth  ++........               C - ring of see invisible
                                x - ring of wizardry

@: stone skin, not resistant to hostile enchantments, unstealthy
A: negative energy resistance 1, electricity resistance, unbreathing,
petrification resistance, rot immunity, AC +5
a: no special abilities


You were on level 5 of the Dungeon.
You were hungry.

You visited 1 branch of the dungeon, and saw 6 of its levels.

You collected 303 gold pieces.
You spent 55 gold pieces at shops.

Inventory:

Hand Weapons
 e - a +0 flail
 o - a +0 mace
 s - a +0 whip
 t - a +0 hand axe
 G - a +0 short sword of protection
 H - a +1 dagger of venom
 K - a +0 spear
 S - a +1 hand axe of electrocution (weapon)
Missiles
 a - 7 stones
 j - 15 sling bullets
 k - 27 poisoned needles
 I - 8 tomahawks (quivered)
 N - 3 needles of slowing
Armour
 b - a +0 robe (worn)
 l - a +0 helmet (worn)
 u - a +0 pair of gloves (worn)
 E - a +0 leather armour
 F - a +0 leather armour of poison resistance
Magical Staves
 P - an uncursed staff of cold
Jewellery
 x - a ring of wizardry (left hand)
 C - a ring of see invisible (right hand)
 L - an amulet of warding (around neck)
Scrolls
 h - a scroll of identify
 i - a scroll of fog {unknown}
 n - 3 scrolls of remove curse {unknown}
 p - 3 scrolls of magic mapping
 q - a scroll of fear {unknown}
 w - a scroll of blinking {unknown}
 y - 3 scrolls of teleportation {unknown}
 D - a scroll of enchant weapon {unknown}
 O - a scroll of recharging {unknown}
 R - a scroll of amnesia {unknown}
Potions
 g - 2 potions of haste {unknown}
 r - 3 potions of curing
 v - 5 potions of lignification {unknown}
 z - a potion of poison {unknown}
 A - 2 potions of brilliance {unknown}
 B - a potion of agility {unknown}
Books
 c - a book of Geomancy

   Spells                             Type                      Level
   a - Sandblast                      Earth                        1
   b - Stoneskin                      Transmutation/Earth          2
   c - Passwall                       Transmutation/Earth          3
   d - Stone Arrow                    Conjuration/Earth            3
   e - Petrify                        Transmutation/Earth          4
   f - Lee's Rapid Deconstruction     Earth                        5
 J - a book of Ice

   Spells                             Type                      Level
   a - Ice Form                       Ice/Transmutation            4
   b - Metabolic Englaciation         Hexes/Ice                    5
   c - Ozocubu's Refrigeration        Ice                          6
   d - Bolt of Cold                   Conjuration/Ice              6
   e - Freezing Cloud                 Conjuration/Ice/Air          6
   f - Simulacrum                     Ice/Necromancy               6
 Q - a book of the Earth

   Spells                             Type                      Level
   a - Leda's Liquefaction            Hexes/Earth                  4
   b - Bolt of Magma                  Conjuration/Fire/Earth       5
   c - Statue Form                    Transmutation/Earth          6
   d - Iron Shot                      Conjuration/Earth            6
   e - Shatter                        Earth                        9
Comestibles
 d - 4 bread rations
 f - 3 fruits
 M - 3 meat rations
 T - 3 chunks of flesh


   Skills:
 + Level 2.3 Fighting
 + Level 2.6 Maces & Flails
 + Level 2.6 Armour
 + Level 2.9 Dodging
 - Level 2.1 Stealth
 * Level 7.4 Spellcasting
 + Level 5.1 Conjurations
 - Level 0.7 Transmutations
 + Level 7.3 Earth Magic


You had 11 spell levels left.
You knew the following spells:

 Your Spells              Type           Power        Failure   Level  Hunger
a - Sandblast             Erth           ####..       1%          1    None
b - Stoneskin             Trmt/Erth      ###.....     1%          2    None
c - Stone Arrow           Conj/Erth      ####..       1%          3    #......
d - Lee's Rapid Deconstr  Erth           ####......   6%          5    #####..


Dungeon Overview and Level Annotations

Branches:
Dungeon (6/15)
 Temple: D:4-7

Altars:
Fedhas
Trog

Shops:
D:4 :=(*%   D:5 :

Annotations:
D:5 Eustachio


Innate Abilities, Weirdness & Mutations

You are resistant to torment.
Your stone body is resilient (AC +5).
You are immune to poison.
You resist negative energy.
You are resistant to electric shocks.
You can survive without breathing.
You are immune to petrification.
You are immune to rotting.


Message History

* * * LOW HITPOINT WARNING * * *
The orc barely misses you.
Read which item? (? for menu, Esc to quit)
Okay, then.
Drink which item? (? for menu, Esc to quit)
You feel better. The orc misses you. The iguana barely misses you.
The orc warrior hits you with a glaive!
* * * LOW HITPOINT WARNING * * *
The orc hits you but does no damage.
Casting: Sandblast
Confirm with . or Enter, or press ? or * to list all spells.
Aiming: Lee's Rapid Deconstruction
Press: ? - help, Dir - move target cursor, p - orc warrior The wall shatters!
The blast of rock fragments hits the iguana.
The iguana is almost dead.
You are feeling hungry.
The orc closely misses you. The iguana closely misses you.
The orc barely misses you. The orc warrior hits you with a glaive!
You die...

#########
#....#
........#
#....#
........#
#....#
........#
###....#
........#
#.>....#
........#
#......#
###....##
#......#
#....#
#...[#######
#....#
#....@ol..!#
###'##
#....oo"...#
#.#
#..........#
#.#
#...#.#.#..#
#.#
#..........#
#.#
##..#.#.#..#
#[#
#.....))..#
##)####
#..#.#<#..#
#.....#
##....)..##


You could see an orc warrior, an iguana and 2 orcs.

Vanquished Creatures
  A water moccasin (D:6)
  6 ogres
  A black bear (D:6)
  3 ice beasts
  A phantom (D:6)
  A giant frog (D:5)
  3 scorpions
  3 wights (D:5)
  A crimson imp (D:5)
  A jelly (D:5)
  A giant frog zombie (D:5)
  A centaur skeleton (D:5)
  4 hounds
  A worker ant (D:6)
  Natasha (thrice) (D:4)
  3 orc wizards
  A hound skeleton (D:5)
  10 gnolls
  14 adders
  3 shadow imps
  2 oozes
  An adder zombie (D:3)
  An adder skeleton (D:4)
  4 worms
  2 giant geckos
  18 orcs
  A giant cockroach (D:2)
  7 hobgoblins
  14 jackals
  9 kobolds
  8 bats
  2 giant gecko skeletons
  2 giant newts
  9 goblins
  A jackal zombie (D:5)
  A quokka (D:4)
  2 quokka zombies (D:5)
  5 rats
151 creatures vanquished.

Notes
Turn   | Place    | Note
--------------------------------------------------------------
     0 | D:1      | mrath the Gargoyle Earth Elementalist began the quest for the Orb.
     0 | D:1      | Reached XP level 1. HP: 10/10 MP: 3/3
   593 | D:1      | Reached XP level 2. HP: 15/15 MP: 1/5
  1025 | D:1      | Reached XP level 3. HP: 19/19 MP: 7/7
  1029 | D:1      | Learned a level 2 spell: Stoneskin
  1033 | D:1      | Learned a level 3 spell: Stone Arrow
  1426 | D:2      | Reached skill level 4 in Earth Magic
  1668 | D:2      | Reached skill level 1 in Conjurations
  1793 | D:2      | Reached XP level 4. HP: 24/24 MP: 6/9
  2157 | D:2      | Found a blossoming altar of Fedhas.
  2521 | D:3      | Reached XP level 5. HP: 28/28 MP: 6/10
  3838 | D:3      | Reached skill level 5 in Earth Magic
  3838 | D:3      | Reached XP level 6. HP: 32/32 MP: 6/12
  4015 | D:3      | Learned a level 5 spell: Lee's Rapid Deconstruction
  4017 | D:4      | Found Nasun's Jewellery Shoppe.
  4017 | D:4      | Found Upniecikog's Book Shoppe.
  4042 | D:4      | Noticed Natasha
  4048 | D:4      | Killed Natasha
  4203 | D:4      | Noticed Natasha
  4205 | D:4      | Found Luobellu's Antique Weapon Boutique.
  4211 | D:4      | Killed Natasha
  4398 | D:4      | Found a bloodstained altar of Trog.
  4462 | D:4      | Noticed Natasha
  4465 | D:4      | Killed Natasha
  4504 | D:4      | Reached skill level 5 in Spellcasting
  4504 | D:4      | Reached XP level 7. HP: 36/36 MP: 9/14
  4965 | D:4      | Found Ofeb's Food Shop.
  4991 | D:4      | Found Geonemor's General Store.
  4994 | D:4      | Bought a scroll of magic mapping for 35 gold pieces
  4994 | D:4      | Bought a scroll of identify for 20 gold pieces
  5144 | D:4      | Reached skill level 6 in Earth Magic
  5307 | D:5      | Entered Level 5 of the Dungeon
  5524 | D:5      | Noticed Eustachio
  5589 | D:5      | Reached XP level 8. HP: 41/41 MP: 12/17
  5952 | D:5      | Found Zedaerex's Book Boutique.
  6455 | D:5      | Reached skill level 1 in Fighting
  6455 | D:5      | Reached skill level 1 in Maces & Flails
  6455 | D:5      | Reached skill level 1 in Armour
  7453 | D:5      | Reached skill level 7 in Earth Magic
  7930 | D:6      | Noticed SaintRoka's ghost (weakling CeSk)
  8488 | D:5      | Reached XP level 9. HP: 28/47 MP: 10/19
  8738 | D:6      | Reached skill level 5 in Conjurations
 10131 | D:5      | Mangled by an orc warrior

Action                   |  1- 3 |  4- 6 |  7- 9 || total
-------------------------+-------+-------+-------++-------
Melee: Dagger            |     4 |       |       ||     4
       Whip              |     6 |    34 |    73 ||   113
Throw: Tomahawk          |    46 |    73 |    56 ||   175
 Cast: Sandblast         |    31 |   105 |   268 ||   404
       Stoneskin         |       |     2 |    16 ||    18
       Lee's Rapid Decon |       |       |     3 ||     3
  Use: Scroll            |       |       |     3 ||     3
       Potion            |       |       |     4 ||     4
  Eat: Chunk             |     1 |     8 |    12 ||    21
       Royal jelly       |     1 |       |       ||     1
       Fruit             |       |       |     3 ||     3
       Beef jerky        |       |       |     2 ||     2
